Map: Ultralove

Players

BestNewbie

  • Race: Terran Terran
  • Spawn Location: 7:00

wootwoot - Winner!

  • Race: Terran Terran
  • Spawn Location: 1:00

VOD

Have the link to the VOD?

Description

Time

  • Played on: April 1, 2025, 1:41 p.m.
  • Length: 5:03
Show
View Real Time Build Order
Export as new Build Order

BestNewbie Terran 

Build Orders:  

Get SALT Encoding   

  12  0:00  SCV  
  13  0:14  SCV  
  14  0:26  SCV  
  15  0:33  Supply Depot  
  15  0:55  SCV  
  16  1:01  Barracks  
  16  1:02  Barracks  
  16  1:07  SCV  
  17  1:19  Barracks  
  17  1:26  Supply Depot  
  17  1:32  Supply Depot  
  17  1:54  Marine  
  18  1:55  Marine  
  19  2:07  Marine  
  20  2:11  Marine  
  20  2:13  Marine  
  22  2:21  Bunker  
  22  2:25  Marine  
  22  2:29  Marine  
  24  2:31  Marine  
  24  2:34  Bunker  
  24  2:42  Marine  
  23  2:47  Marine  
  23  2:49  Marine  
  13  3:19  SCV  
  11  3:32  SCV  
  7  3:44  SCV  
  8  3:56  SCV  
  9  4:08  SCV  
  10  4:23  Bunker  
  8  4:24  Marine  
  8  4:32  SCV  
  8  4:36  Marine x2  
  11  4:44  Marine  
Show
View Real Time Build Order
Export as new Build Order

wootwoot Terran - Winner!

Build Orders:  

Get SALT Encoding   

  12  0:01  SCV  
  13  0:14  SCV  
  14  0:20  Supply Depot  
  14  0:26  SCV  
  15  0:32  Refinery  
  15  0:42  SCV  
  16  0:51  Barracks  
  16  1:05  Barracks  
  16  1:21  Barracks  
  16  1:28  Refinery  
  16  1:38  Reaper  
  17  1:52  Reaper  
  18  1:55  Orbital Command  
  19  2:08  Reaper  
  19  2:10  Reaper  
  20  2:24  Supply Depot, Reaper  
  21  2:40  Reaper  
  21  2:41  SCV  
  23  2:45  Reaper  
  22  2:56  Reaper  
  8  3:49  SCV  
  9  4:01  SCV  
  10  4:13  SCV  
  10  4:26  SCV  
  11  4:38  SCV  
  12  4:50  SCV  
Tags
 
Matchup
TvT
Race
Terran
Replay Pack
B2M-Replays
Spawn Locations
Cross Positions
Add a new tag
Caveats
  • Supply blocks, unpowered buildings, or Contaminate may cause inaccurate times.
  • Supply counts are checked every 10 seconds.